 Dungeon Crawl Stone Soup version 0.19-a0-1225-gf887c1c (webtiles) character file.

1983 MTVSty1e the Fighter (level 9, -4/75 HPs)
             Began as a Formicid Fighter on Aug 25, 2016.
             Was an Initiate of Okawaru.
             Slain by an orc warrior
             ... wielding a +0 trident
              (14 damage)
             ... on level 6 of the Dungeon.
             The game lasted 00:13:31 (5764 turns).

MTVSty1e the Fighter (Formicid Fighter)             Turns: 5764, Time: 00:13:32

Health: -4/75      AC:  7    Str: 29    XL:     9   Next: 44%
Magic:  9/9        EV: 11    Int:  8    God:    Okawaru [......]
Gold:   375        SH: 11    Dex: 10    Spells: 0 memorised, 8 levels left

rFire  . . .     SeeInvis +     t - +0 hand axe (freeze)
rCold  . . .     Gourm    .     b - +0 scale mail
rNeg   . . .     Faith    .     c - +0 shield
rPois  .         Spirit   .     (helmet unavailable)
rElec  .         Dismiss  .     (no cloak)
rCorr  .         Reflect  .     (no gloves)
MR     ++...     Harm     .     (no boots)
Stlth  ..........               (no amulet)
                                h - ring of protection from magic
                                u - ring of protection from magic

@: mighty, lethally poisoned (-4 -> -5)
A: permanent stasis, dig shafts and tunnels, four strong arms, antennae 3
a: Dig, Shaft Self, Renounce Religion


You were on level 6 of the Dungeon.
You worshipped Okawaru.
Okawaru was noncommittal.
You were not hungry.

You visited 2 branches of the dungeon, and saw 7 of its levels.

You collected 375 gold pieces.

Inventory:

Hand Weapons
 a - a +0 war axe
 t - a +0 hand axe of freezing (weapon)
Armour
 b - a +0 scale mail (worn)
 c - a +0 shield (worn)
Jewellery
 h - a ring of protection from magic (right hand)
 j - a +2 ring of intelligence
 u - a ring of protection from magic (left hand)
Wands
 r - a wand of polymorph (5/24)
 x - a wand of lightning (8/15)
 C - a wand of flame (20/48)
Scrolls
 g - a scroll of magic mapping {unknown}
 i - a scroll of fog {unknown}
 k - 10 scrolls of identify
 m - a scroll of blinking {unknown}
 p - a scroll of enchant armour {unknown}
 q - a scroll of enchant weapon {unknown}
 s - 2 scrolls of recharging {unknown}
 y - 2 scrolls of remove curse
 B - a scroll of random uselessness {unknown}
Potions
 d - 3 potions of curing
 e - a potion of mutation {unknown}
 l - a potion of cure mutation {unknown}
 n - 3 potions of heal wounds {unknown}
 o - 2 potions of haste {unknown}
 v - 3 potions of agility
 w - a potion of cancellation {unknown}
 A - a potion of flight {unknown}
Comestibles
 f - 5 bread rations


   Skills:
 * Level 8.4 Fighting
 + Level 5.0 Axes
 + Level 5.7 Armour
 + Level 4.2 Dodging
 + Level 6.8 Shields


You had 8 spell levels left.
You didn't know any spells.

Dungeon Overview and Level Annotations

Branches:
Dungeon (6/15)             Temple (1/1) D:5

Altars:
Elyvilon
Hepliaklqana
Kikubaaqudgha
Makhleb
Nemelex Xobeh
Okawaru
Qazlal
Ru
Sif Muna
Uskayaw
Vehumet
The Shining One


Innate Abilities, Weirdness & Mutations

You are under a permanent stasis effect.
You can dig through walls and to a lower floor.
Your four strong arms can wield two-handed weapons with a shield.
You have a pair of large antennae on your head. (SInv)


Message History

The orc warrior is lightly wounded.
You feel sick.
The orc warrior hits you with a trident.
You feel very mighty all of a sudden.
The orc warrior hits you with a trident!
* * * LOW HITPOINT WARNING * * *
You are too injured to fight recklessly!
You are too injured to fight recklessly!
You are too injured to fight recklessly!
You are too injured to fight recklessly!
You are too injured to fight recklessly!
You hit the orc warrior. You freeze the orc warrior.
The orc warrior is moderately wounded.
You feel sick.
The orc warrior hits you with a trident!
* * * LOW HITPOINT WARNING * * *
You hit the orc warrior. You freeze the orc warrior.
The orc warrior is severely wounded.
The orc warrior hits you with a trident!
You die...

############..#
...........##.#.#....
#####......(.... ...#
#......##..##...#
#...............#
#........<......#
#...............#
####...........o)..#
#.............)@)..#
#...).....######)...#
#.........# ....#
#.........# ....#
#.........# ....#
#.........# .>....
#.[.......# .#.####
#.........# )#.#
#.........#


You could see an orc warrior.

Vanquished Creatures
  Grinder (D:3)
  A phantom (D:5)
  An orc warrior (D:5)
  5 ogres
  A centaur (D:5)
  2 giant frogs (D:6)
  A wyvern zombie (D:6)
  A scorpion (D:5)
  2 crimson imps (D:5)
  4 centaur skeletons
  A hound (D:5)
  A giant frog skeleton (D:5)
  A jelly (D:6)
  3 orc priests
  Jessica (D:3)
  Ijyb (D:2)
  Natasha (D:3)
  4 orc wizards
  A worker ant (D:5)
  A killer bee zombie (D:6)
  Robin (D:2)
  6 gnolls
  A howler monkey skeleton (D:6)
  7 adders
  An adder zombie (D:5)
  A worm (D:2)
  A dart slug (D:1)
  A giant gecko (D:5)
  19 orcs
  7 bats
  7 giant cockroaches
  16 goblins
  9 hobgoblins
  3 jackals (D:4)
  10 kobolds
  3 quokkas
  2 giant cockroach zombies (D:6)
  2 giant gecko zombies
  6 giant newts
  A jackal zombie (D:6)
  4 rats
142 creatures vanquished.

Vanquished Creatures (others)
  An orc wizard (D:5)
1 creature vanquished.

Grand Total: 143 creatures vanquished

Notes
Turn   | Place    | Note
-------+----------+-------------------------------------------
     0 | D:1      | MTVSty1e the Formicid Fighter began the quest for the Orb.
     0 | D:1      | Reached XP level 1. HP: 18/18 MP: 1/1
   303 | D:1      | Reached XP level 2. HP: 20/24 MP: 2/2
   433 | D:1      | Reached XP level 3. HP: 29/29 MP: 3/3
   836 | D:2      | Noticed Ijyb
   841 | D:2      | Reached skill level 1 in Dodging
   849 | D:2      | Killed Ijyb
   849 | D:2      | Reached skill level 4 in Fighting
   849 | D:2      | Reached XP level 4. HP: 25/37 MP: 4/4
  1108 | D:2      | Noticed Robin
  1143 | D:2      | Killed Robin
  1143 | D:2      | Reached XP level 5. HP: 32/43 MP: 5/5
  1394 | D:2      | Found a stormy altar of Qazlal.
  1394 | D:2      | Found a hazy altar of Hepliaklqana.
  1395 | D:2      | Found a deep blue altar of Sif Muna.
  1767 | D:3      | Noticed Grinder
  1790 | D:3      | Killed Grinder
  1790 | D:3      | Reached skill level 5 in Fighting
  1790 | D:3      | Reached XP level 6. HP: 12/51 MP: 6/6
  2022 | D:3      | Noticed Natasha
  2033 | D:3      | Killed Natasha
  2191 | D:3      | Found a stormy altar of Qazlal.
  2195 | D:3      | Noticed an air elemental
  2195 | D:3      | Noticed a fire elemental
  2195 | D:3      | Noticed a water elemental
  2246 | D:3      | Noticed Jessica
  2248 | D:3      | Killed Jessica
  2248 | D:3      | Reached XP level 7. HP: 46/56 MP: 7/7
  2547 | D:4      | Reached skill level 5 in Shields
  3032 | D:4      | Reached skill level 6 in Fighting
  3513 | D:5      | Entered Level 5 of the Dungeon
  3602 | D:5      | Reached XP level 8. HP: 51/65 MP: 8/8
  4387 | D:5      | Reached skill level 5 in Armour
  4497 | D:5      | Reached skill level 7 in Fighting
  4869 | D:5      | Found a staircase to the Ecumenical Temple.
  4909 | Temple   | Entered the Ecumenical Temple
  4915 | Temple   | Became a worshipper of Warmaster Okawaru
  5127 | D:6      | Reached XP level 9. HP: 72/72 MP: 9/9
  5378 | D:6      | Found an ancient bone altar of Kikubaaqudgha.
  5518 | D:6      | Reached skill level 8 in Fighting
  5755 | D:6      | Reached skill level 5 in Axes
  5764 | D:6      | Slain by an orc warrior

Vault maps used:
D:1:      lightli_arrival_farm
D:2:      minitemple, first_bread, uniq_robin, uniq_iyjb
D:3:      serial_park_tiny_2, nicolae_qazlal_style_of_elements, uniq_grinder,
          uniq_jessica, uniq_natasha
D:4:      grunt_ministairs_1, guppyfry_early_lair_pool
D:5:      grunt_decor_mini_mirrors
D:6:      old_standard_altar, serial_undead, serial_undead_f, serial_undead_e,
          serial_undead_f, serial_undead_c, minmay_crystal_water
Temple:   eino_narrow_crystal_temple

Skill      XL: |  1  2  3  4  5  6  7  8  9 |
---------------+----------------------------+-----
Shields        | 4 5 6 |  6.8
Dodging        | 1 2 3 4 |  4.2
Fighting       | 4 5 6 7 8 |  8.4
Axes           | 3 4 5 |  5.0
Armour         | 4 5 |  5.7

Action                   |  1- 3 |  4- 6 |  7- 9 || total
-------------------------+-------+-------+-------++-------
Melee: War axe           |    66 |   128 |    26 ||   220
       Hand axe          |       |       |   370 ||   370
 Abil: Dig               |     1 |     1 |       ||     2
  Use: Potion            |       |     1 |     5 ||     6
       Scroll            |       |       |     2 ||     2
  Eat: Beef jerky        |       |     1 |     1 ||     2
       Meat ration       |       |     1 |     1 ||     2
       Bread ration      |       |       |     1 ||     1
Armor: Scale mail        |    40 |    53 |    75 ||   168
       Skin              |       |       |    65 ||    65
Dodge: Dodged            |    26 |    39 |   136 ||   201
Block: Shield            |    37 |    57 |   195 ||   289
